Providence Bruins vs Sarnia Sailors
Created - Saturday, May 6, 2023 at 07:00
Goals
|
| Providence Bruins |
0 |
1 |
3 |
4 |
| Sarnia Sailors |
1 |
3 |
3 |
7 |
|
Shots
|
| Providence Bruins |
6 |
9 |
12 |
27 |
| Sarnia Sailors |
9 |
17 |
21 |
47 |
|
1st period
1. Sarnia Sailors , Michael Dal Colle 10 (Dylan McLaughlin 21, Adam Erne 13) at 14:18
Penalties :
Jack Studnicka (PRB) for Tripping (Minor) at 16:10, John-Jason Peterka (PRB) for Hooking (Minor) at 19:49
2nd period
2. Providence Bruins , Joe Veleno 24 (Jordan Spence 26) at 0:10 (SH)
3. Sarnia Sailors , Dominic Toninato 25 (Keegan Kolesar 51, Alex Vlasic 27) at 0:24 (PP)
4. Sarnia Sailors , Michael Dal Colle 11 (Adam Erne 14, Dylan McLaughlin 22) at 3:09
5. Sarnia Sailors , Vasily Podkolzin 28 (Alex Vlasic 28, Keegan Kolesar 52) at 6:55
Penalties :
Cole Schwindt (PRB) for Roughing (Minor) at 3:16, John-Jason Peterka (PRB) for High sticking (Minor) at 10:23, Helge Grans (PRB) for High sticking (Minor) at 15:46
3rd period
6. Providence Bruins , Michal Teply 8 (Cole Schwindt 9) at 8:43
7. Providence Bruins , Logan Hutsko 6 (Michal Teply 20) at 9:00
8. Sarnia Sailors , Dominic Turgeon 5 (Connor Carrick 10, Aleksi Heponiemi 16) at 12:18
9. Sarnia Sailors , Keegan Kolesar 28 (Vasily Podkolzin 43, Dominic Toninato 25) at 14:50 (PP)
10. Sarnia Sailors , Keegan Kolesar 29 (Dominic Toninato 26, Vasily Podkolzin 44) at 16:52
11. Providence Bruins , Joe Veleno 25 (John-Jason Peterka 31) at 18:29 (PP)
Penalties :
Logan Hutsko (PRB) for Holding Stick (Minor) at 6:12, Austin Wagner (PRB) for Hooking (Minor) at 9:55, Austin Wagner (PRB) for Roughing (Minor) at 14:44, Keegan Kolesar (SAR) for Fighting (Major) at 17:13, Jack Studnicka (PRB) for Fighting (Major) at 17:13, Adam Erne (SAR) for Hooking (Minor) at 17:58
Goalie Stats
Zachary Emond (PRB), 40 saves from 47 shots - (0.851), L, 3-16-2, 60:00 minutes
Laurent Brossoit (SAR), 23 saves from 27 shots - (0.852), W, 14-15-1, 60:00 minutes
Players Stats for Providence Bruins
Player Name G A P +/- PIM S H SB GA TA FO MP PP MP PK MP
------------------------------------------------------------------------------------
Austin Wagner 0 0 0 -3 4 2 1 3 1 0 0/1 15:12 0:31 0:02
Brandon Coe 0 0 0 -3 0 1 1 1 1 0 0/0 13:40 0:00 0:00
Cole Schwindt 0 1 1 1 2 2 1 2 1 0 0/0 17:33 0:00 2:53
Helge Grans 0 0 0 0 2 0 1 0 0 0 0/0 5:43 0:00 0:00
Jack Studnicka 0 0 0 -1 7 1 1 1 0 0 0/1 20:08 0:00 3:31
Jacob Moverare 0 0 0 -1 0 0 0 0 0 1 0/0 17:25 0:00 4:47
Jared McIsaac 0 0 0 -1 0 0 0 1 0 1 0/0 10:26 0:00 0:00
Joe Veleno 2 0 2 0 0 7 3 5 0 0 19/31 25:29 0:31 6:40
John-Jason Peterka 0 1 1 -1 4 3 1 0 1 1 1/1 23:44 0:31 4:57
Jordan Spence 0 1 1 0 0 2 4 0 0 0 0/0 27:08 0:31 7:48
Jordy Bellerive 0 0 0 -2 0 0 0 0 1 0 4/11 17:38 0:00 4:09
Logan Hutsko 1 0 1 1 2 4 1 0 0 0 7/15 15:07 0:00 0:24
Marc Del Gaizo 0 0 0 0 0 0 1 0 0 0 0/0 5:44 0:00 0:00
Mason Millman 0 0 0 0 0 0 0 0 0 0 0/0 0:00 0:00 0:00
Michal Teply 1 1 2 1 0 3 4 0 1 0 0/0 17:11 0:00 2:34
Nick Perbix 0 0 0 -1 0 0 0 1 0 0 0/0 17:15 0:00 4:47
Nikolai Knyzhov 0 0 0 0 0 2 1 0 0 0 0/0 26:48 0:31 7:45
Samuel Bolduc 0 0 0 -1 0 0 1 1 0 0 0/0 11:05 0:00 0:03
Players Stats for Sarnia Sailors
Player Name G A P +/- PIM S H SB GA TA FO MP PP MP PK MP
------------------------------------------------------------------------------------
Adam Erne 0 2 2 2 2 4 1 0 1 0 0/0 17:55 5:27 0:00
Aleksi Heponiemi 0 1 1 0 0 4 0 0 0 1 0/0 11:33 0:18 0:00
Alex Vlasic 0 2 2 0 0 3 1 1 0 0 0/0 27:50 7:37 0:31
Chris Wideman 0 0 0 0 0 1 3 1 0 0 0/0 13:56 4:58 0:00
Connor Carrick 0 1 1 0 0 4 3 1 1 1 0/0 14:16 0:00 0:31
David Warsofsky 0 0 0 0 0 0 0 0 0 0 0/0 11:05 0:00 0:00
Dominic Toninato 1 2 3 0 0 3 3 0 0 0 14/36 23:19 6:53 0:31
Dominic Turgeon 1 0 1 1 0 2 0 0 0 0 5/6 10:57 0:00 0:00
Dylan McLaughlin 0 2 2 1 0 2 1 0 0 0 7/12 17:41 5:24 0:00
Jack Rathbone 0 0 0 2 0 0 1 1 0 0 0/0 22:24 4:58 0:00
Josh Dickinson 0 0 0 0 0 2 1 0 0 0 0/0 14:58 5:24 0:31
Keegan Kolesar 2 2 4 0 5 8 3 0 1 1 1/1 21:54 7:04 0:00
Michael Dal Colle 2 0 2 1 0 5 1 0 0 0 1/1 12:25 0:07 0:00
Mitchell Vande Sompel 0 0 0 0 0 0 1 0 0 0 0/0 11:18 0:04 0:00
Rob Hamilton 0 0 0 2 0 1 0 0 0 1 0/0 14:40 0:00 0:00
Seth Barton 0 0 0 2 0 2 2 0 0 1 0/0 14:40 0:00 0:00
Vasily Podkolzin 1 2 3 0 0 6 0 0 0 0 1/3 23:17 7:04 0:00
Yannick Weber 0 0 0 -1 0 0 4 1 0 1 0/1 15:19 7:37 0:00
3 Stars
1 - Michael Dal Colle (SAR)
2 - Keegan Kolesar (SAR)
3 - Dominic Toninato (SAR)
Power Play
Providence Bruins - 1 on 1 Attempt(s) - 100.00%
Sarnia Sailors - 2 on 8 Attempt(s) - 25.00%
Penalty Kill
Providence Bruins - 6 on 8 Attempt(s) - 75.00%
- Score 1 goal in Penalty Kill
Sarnia Sailors - 0 on 1 Attempt(s) - 0.00%
- Score 0 goal in Penalty Kill
Team Stat
Providence Bruins - Hits : 21 - Faceoff Wins : 31 - Blocked Shots : 15 - Penalty Minutes : 21
Sarnia Sailors - Hits : 25 - Faceoff Wins : 29 - Blocked Shots : 5 - Penalty Minutes : 7
Official
Referees : Dave Lewis and Kyle Rehman
Linesman : Brian Mach and Pierre Racicot
Game Notes
3:09 of 2nd period - Sarnia Sailors goal is going for a video replay. After video review, Goal.
Keegan Kolesar beats up Jack Studnicka at 17:13 of 3rd period
Providence Bruins
5 vs 5 Forward
Center Left Wing Right Wing Time % Phy DF OF
1 Joe Veleno John-Jason Peterka Jack Studnicka 40 1 2 2
2 Logan Hutsko Michal Teply Cole Schwindt 30 1 2 2
3 Jordy Bellerive Austin Wagner Brandon Coe 20 1 2 2
4 Joe Veleno John-Jason Peterka Jack Studnicka 10 1 2 2
5 vs 5 Defense
Defense Defense Time % Phy DF OF
1 Jordan Spence Nikolai Knyzhov 40 1 2 2
2 Jacob Moverare Nick Perbix 30 1 2 2
3 Samuel Bolduc Jared McIsaac 20 1 2 2
4 Helge Grans Marc Del Gaizo 10 1 2 2
PowerPlay Forward
Center Left Wing Right Wing Time % Phy DF OF
1 Joe Veleno John-Jason Peterka Jack Studnicka 60 1 2 2
2 Logan Hutsko Michal Teply Cole Schwindt 40 1 2 2
PowerPlay Defense
Defense Defense Time % Phy DF OF
1 Jordan Spence Nikolai Knyzhov 60 1 2 2
2 Jacob Moverare Nick Perbix 40 1 2 2
Penalty Kill 4 Players Forward
Center Wing Time % Phy DF OF
1 Joe Veleno John-Jason Peterka 60 1 2 2
2 Jack Studnicka Cole Schwindt 40 1 2 2
Penalty Kill 4 Players Defense
Defense Defense Time % Phy DF OF
1 Jordan Spence Nikolai Knyzhov 60 1 2 2
2 Jacob Moverare Nick Perbix 40 1 2 2
Penalty Kill - 3 Players Forward
Forward Time % Phy DF OF
1 Joe Veleno 60 1 2 2
2 John-Jason Peterka 40 1 2 2
Penalty Kill - 3 Players Defense
Defense Defense Time % Phy DF OF
1 Jordan Spence Nikolai Knyzhov 60 1 2 2
2 Jacob Moverare Nick Perbix 40 1 2 2
4 vs 4 Forward
Center Wing Time % Phy DF OF
1 Joe Veleno John-Jason Peterka 60 1 2 2
2 Jack Studnicka Cole Schwindt 40 1 2 2
4 vs 4 Defense
Defense Defense Time % Phy DF OF
1 Jordan Spence Nikolai Knyzhov 60 1 2 2
2 Jacob Moverare Nick Perbix 40 1 2 2
Last Minutes Offensive
Center Left Wing Right Wing Defense Defense
Joe Veleno John-Jason Peterka Jack Studnicka Jordan Spence Nikolai Knyzhov
Last Minutes Defensive
Center Left Wing Right Wing Defense Defense
Joe Veleno John-Jason Peterka Jack Studnicka Jordan Spence Nikolai Knyzhov
Goaltenders
Starting : Zachary Emond
Backup : Trent Miner
Extra Forwards
Normal : Austin Wagner, Brandon Coe, Jordy Bellerive - PP : Austin Wagner, Brandon Coe - PK : Jordy Bellerive
Extra Defensemen
Normal : Mason Millman, Samuel Bolduc, Jared McIsaac - PP : Mason Millman - PK : Samuel Bolduc, Jared McIsaac
Penalty Shots
Joe Veleno, John-Jason Peterka, Jack Studnicka, Cole Schwindt, Michal Teply
Sarnia Sailors
5 vs 5 Forward
Center Left Wing Right Wing Time % Phy DF OF
1 Dominic Toninato Keegan Kolesar Vasily Podkolzin 40 1 2 2
2 Dylan McLaughlin Adam Erne Michael Dal Colle 30 1 2 2
3 Dominic Turgeon Aleksi Heponiemi Connor Carrick 20 1 2 2
4 Josh Dickinson Chris Wideman Yannick Weber 10 1 2 2
5 vs 5 Defense
Defense Defense Time % Phy DF OF
1 Alex Vlasic Jack Rathbone 40 1 2 2
2 Rob Hamilton Seth Barton 30 1 2 2
3 Mitchell Vande Sompel David Warsofsky 20 1 2 2
4 Connor Carrick Alex Vlasic 10 1 2 2
PowerPlay Forward
Center Left Wing Right Wing Time % Phy DF OF
1 Dominic Toninato Keegan Kolesar Vasily Podkolzin 60 1 2 2
2 Dylan McLaughlin Adam Erne Josh Dickinson 40 1 2 2
PowerPlay Defense
Defense Defense Time % Phy DF OF
1 Alex Vlasic Yannick Weber 60 1 2 2
2 Jack Rathbone Chris Wideman 40 1 2 2
Penalty Kill 4 Players Forward
Center Wing Time % Phy DF OF
1 Dominic Toninato Keegan Kolesar 60 1 2 2
2 Dylan McLaughlin Michael Dal Colle 40 1 2 2
Penalty Kill 4 Players Defense
Defense Defense Time % Phy DF OF
1 Alex Vlasic Connor Carrick 60 1 2 2
2 Jack Rathbone Rob Hamilton 40 1 2 2
Penalty Kill - 3 Players Forward
Forward Time % Phy DF OF
1 Dominic Toninato 60 1 2 2
2 Dylan McLaughlin 40 1 2 2
Penalty Kill - 3 Players Defense
Defense Defense Time % Phy DF OF
1 Alex Vlasic Connor Carrick 60 1 2 2
2 Jack Rathbone Rob Hamilton 40 1 2 2
4 vs 4 Forward
Center Wing Time % Phy DF OF
1 Keegan Kolesar Vasily Podkolzin 60 1 2 2
2 Dominic Turgeon Michael Dal Colle 40 1 2 2
4 vs 4 Defense
Defense Defense Time % Phy DF OF
1 Alex Vlasic Jack Rathbone 60 1 2 2
2 Connor Carrick Yannick Weber 40 1 2 2
Last Minutes Offensive
Center Left Wing Right Wing Defense Defense
Dominic Toninato Keegan Kolesar Vasily Podkolzin Alex Vlasic Jack Rathbone
Last Minutes Defensive
Center Left Wing Right Wing Defense Defense
Dylan McLaughlin Keegan Kolesar Dominic Toninato Alex Vlasic Connor Carrick
Goaltenders
Starting : Laurent Brossoit
Backup : Matt Tomkins
Extra Forwards
Normal : Josh Dickinson, Adam Erne, Aleksi Heponiemi - PP : Josh Dickinson, Aleksi Heponiemi - PK : Josh Dickinson
Extra Defensemen
Normal : Rob Hamilton, Seth Barton, Jack Rathbone - PP : David Warsofsky - PK : Rob Hamilton, Seth Barton
Penalty Shots
Keegan Kolesar, Vasily Podkolzin, Dominic Toninato, Aleksi Heponiemi, Michael Dal Colle
% Time on Ice - Providence Bruins
Lines # - Real PCT - Wanted PCT - Time Play
Normal Forward
1 - 39% - 40% - 18:04
2 - 32% - 30% - 14:49
3 - 28% - 20% - 13:04
4 - 2% - 10% - 0:57
Normal Defense
1 - 39% - 40% - 18:16
2 - 27% - 30% - 12:28
3 - 22% - 20% - 10:26
4 - 12% - 10% - 5:44
PP Forward
1 - 100% - 60% - 0:31
2 - 0% - 40% - 0:00
PP Defense
1 - 100% - 60% - 0:31
2 - 0% - 40% - 0:00
PK Forward
1 - 71% - 60% - 8:58
2 - 29% - 40% - 3:37
PK Defense
1 - 62% - 60% - 7:48
2 - 38% - 40% - 4:47
PK3 Forward
1 - 0% - 60%
2 - 0% - 40%
PK3 Defense
1 - 0% - 60%
2 - 0% - 40%
44 Forward
1 - 0% - 60%
2 - 0% - 40%
44 Defense
1 - 0% - 60%
2 - 0% - 40%
Last Minute Offensive - 0:00
Last Minute Defensive - 0:00
Total
Forward - 60:00
Defense - 60:00
|
% Time on Ice - Sarnia Sailors
Lines # - Real PCT - Wanted PCT - Time Play
Normal Forward
1 - 34% - 40% - 16:03
2 - 26% - 30% - 12:23
3 - 23% - 20% - 10:57
4 - 16% - 10% - 7:31
Normal Defense
1 - 34% - 40% - 16:10
2 - 34% - 30% - 16:07
3 - 24% - 20% - 11:05
4 - 8% - 10% - 3:32
PP Forward
1 - 57% - 60% - 7:08
2 - 43% - 40% - 5:27
PP Defense
1 - 61% - 60% - 7:37
2 - 39% - 40% - 4:58
PK Forward
1 - 100% - 60% - 0:31
2 - 0% - 40% - 0:00
PK Defense
1 - 100% - 60% - 0:31
2 - 0% - 40% - 0:00
PK3 Forward
1 - 0% - 60%
2 - 0% - 40%
PK3 Defense
1 - 0% - 60%
2 - 0% - 40%
44 Forward
1 - 0% - 60%
2 - 0% - 40%
44 Defense
1 - 0% - 60%
2 - 0% - 40%
Last Minute Offensive - 0:00
Last Minute Defensive - 0:00
Total
Forward - 60:00
Defense - 60:00
|
Play-by-Play
1st period
0:01 of 1st period - Dominic Toninato wins face-off versus Joe Veleno in neutral zone.
1:20 of 1st period - Wrist shot by John-Jason Peterka.
1:20 of 1st period - Shot Misses the Net.
1:22 of 1st period - Slapshot by Nikolai Knyzhov.
1:22 of 1st period - Stopped by Laurent Brossoit without a rebound.
1:23 of 1st period - Dylan McLaughlin wins face-off versus Logan Hutsko in Sarnia Sailors zone.
1:32 of 1st period - Snap shot by Michal Teply.
1:32 of 1st period - Stopped by Laurent Brossoit with a rebound.
1:34 of 1st period - Wrist shot by Cole Schwindt.
1:34 of 1st period - Stopped by Laurent Brossoit without a rebound.
1:35 of 1st period - Dominic Turgeon wins face-off versus Jordy Bellerive in Sarnia Sailors zone.
1:40 of 1st period - Jordy Bellerive is hit by Connor Carrick and loses puck.
1:51 of 1st period - Slapshot by Dominic Turgeon.
1:51 of 1st period - Deflect By Jordy Bellerive.
1:51 of 1st period - Shot Misses the Net.
1:51 of 1st period - Puck is out of play.
1:52 of 1st period - Logan Hutsko wins face-off versus Dylan McLaughlin in Providence Bruins zone.
1:52 of 1st period - Logan Hutsko is hit by Michael Dal Colle.
3:31 of 1st period - Adam Erne is hit by Joe Veleno and loses puck.
4:31 of 1st period - Seth Barton is hit by Marc Del Gaizo and loses puck.
6:08 of 1st period - Wrist shot by Connor Carrick.
6:08 of 1st period - Shot Misses the Net.
6:34 of 1st period - Snap shot by Adam Erne.
6:34 of 1st period - Stopped by Zachary Emond without a rebound.
6:35 of 1st period - Dylan McLaughlin wins face-off versus Logan Hutsko in Providence Bruins zone.
7:00 of 1st period - Jordan Spence is hit by Chris Wideman and loses puck.
8:12 of 1st period - Snap shot by Yannick Weber.
8:12 of 1st period - Shot Hit the Post.
8:48 of 1st period - Snap shot by Dylan McLaughlin.
8:48 of 1st period - Shot Misses the Net.
8:58 of 1st period - Snap shot by Aleksi Heponiemi.
8:58 of 1st period - Stopped by Zachary Emond with a rebound.
9:00 of 1st period - Slapshot by Rob Hamilton.
9:00 of 1st period - Stopped by Zachary Emond with a rebound.
9:28 of 1st period - Logan Hutsko is hit by Adam Erne.
9:57 of 1st period - Chris Wideman is hit by Michal Teply and loses puck.
10:08 of 1st period - Josh Dickinson is hit by Helge Grans and loses puck.
11:35 of 1st period - Marc Del Gaizo is hit by Chris Wideman and loses puck.
12:05 of 1st period - Wrist shot by Vasily Podkolzin.
12:05 of 1st period - Stopped by Zachary Emond with a rebound.
12:12 of 1st period - Icing by Samuel Bolduc.
12:13 of 1st period - Jordy Bellerive wins face-off versus Dominic Toninato in Providence Bruins zone.
13:48 of 1st period - Jordy Bellerive is hit by Seth Barton and loses puck.
13:57 of 1st period - Jordy Bellerive is hit by Connor Carrick and loses puck.
14:16 of 1st period - Snap shot by Dylan McLaughlin.
14:16 of 1st period - Shot Blocked by Brandon Coe.
14:18 of 1st period - Snap shot by Michael Dal Colle.
14:18 of 1st period - Goal by Michael Dal Colle - Providence Bruins : 0 - Sarnia Sailors : 1.
14:19 of 1st period - Joe Veleno wins face-off versus Dominic Toninato in neutral zone.
14:30 of 1st period - Snap shot by Joe Veleno.
14:30 of 1st period - Shot Misses the Net.
14:32 of 1st period - Wrist shot by Nikolai Knyzhov.
14:32 of 1st period - Stopped by Laurent Brossoit with a rebound.
14:34 of 1st period - Slapshot by Nikolai Knyzhov.
14:34 of 1st period - Shot Blocked by Connor Carrick.
15:06 of 1st period - Wrist shot by Adam Erne.
15:06 of 1st period - Shot Blocked by Joe Veleno.
15:08 of 1st period - Slapshot by Michael Dal Colle.
15:08 of 1st period - Shot Misses the Net.
15:10 of 1st period - Wrist shot by Michael Dal Colle.
15:10 of 1st period - Stopped by Zachary Emond without a rebound.
15:11 of 1st period - Dylan McLaughlin wins face-off versus Logan Hutsko in Providence Bruins zone.
15:12 of 1st period - Snap shot by Adam Erne.
15:12 of 1st period - Shot Misses the Net.
15:47 of 1st period - Snap shot by Josh Dickinson.
15:47 of 1st period - Stopped by Zachary Emond with a rebound.
16:10 of 1st period - Minor Penalty to Jack Studnicka for Tripping.
16:11 of 1st period - Joe Veleno wins face-off versus Dominic Toninato in Providence Bruins zone.
17:11 of 1st period - Off-side.
17:12 of 1st period - Dylan McLaughlin wins face-off versus Jordy Bellerive in neutral zone.
17:17 of 1st period - Snap shot by Dylan McLaughlin.
17:17 of 1st period - Shot Misses the Net.
18:10 of 1st period - Penalty to Jack Studnicka is over, Jack Studnicka is back on ice.
18:17 of 1st period - Wrist shot by Michal Teply.
18:17 of 1st period - Shot Blocked by Chris Wideman.
19:04 of 1st period - Icing by Brandon Coe.
19:05 of 1st period - Dominic Toninato wins face-off versus Logan Hutsko in Providence Bruins zone.
19:10 of 1st period - Wrist shot by Vasily Podkolzin.
19:10 of 1st period - Shot Misses the Net.
19:12 of 1st period - Slapshot by Keegan Kolesar.
19:12 of 1st period - Stopped by Zachary Emond with a rebound.
19:22 of 1st period - Wrist shot by Michal Teply.
19:22 of 1st period - Shot Misses the Net.
19:24 of 1st period - Snap shot by Helge Grans.
19:24 of 1st period - Shot Misses the Net.
19:26 of 1st period - Snap shot by John-Jason Peterka.
19:26 of 1st period - Stopped by Laurent Brossoit without a rebound.
19:27 of 1st period - Dylan McLaughlin wins face-off versus Joe Veleno in Sarnia Sailors zone.
19:32 of 1st period - Snap shot by Joe Veleno.
19:32 of 1st period - Shot Misses the Net.
19:34 of 1st period - Snap shot by John-Jason Peterka.
19:34 of 1st period - Shot Misses the Net.
19:36 of 1st period - Wrist shot by Joe Veleno.
19:36 of 1st period - Stopped by Laurent Brossoit without a rebound.
19:37 of 1st period - Dylan McLaughlin wins face-off versus Joe Veleno in Sarnia Sailors zone.
19:37 of 1st period - Dylan McLaughlin is hit by John-Jason Peterka.
19:47 of 1st period - Wrist shot by Dylan McLaughlin.
19:47 of 1st period - Deflect By Adam Erne.
19:47 of 1st period - Stopped by Zachary Emond with a rebound.
19:49 of 1st period - Minor Penalty to John-Jason Peterka for Hooking.
19:50 of 1st period - Dominic Toninato wins face-off versus Jordy Bellerive in Providence Bruins zone.
Goals for this period are 0 for Providence Bruins vs 1 for Sarnia Sailors.
Shots for this period are 6 for Providence Bruins vs 9 for Sarnia Sailors.
2nd period
0:01 of 2nd period - Joe Veleno wins face-off versus Dominic Toninato in neutral zone.
0:06 of 2nd period - Snap shot by Joe Veleno.
0:06 of 2nd period - Stopped by Laurent Brossoit with a rebound.
0:08 of 2nd period - Snap shot by Joe Veleno.
0:08 of 2nd period - Shot Misses the Net.
0:10 of 2nd period - Snap shot by Joe Veleno.
0:10 of 2nd period - Goal by Joe Veleno - Providence Bruins : 1 - Sarnia Sailors : 1.
0:11 of 2nd period - Joe Veleno wins face-off versus Dominic Toninato in neutral zone.
0:24 of 2nd period - Wrist shot by Dominic Toninato.
0:24 of 2nd period - Goal by Dominic Toninato - Providence Bruins : 1 - Sarnia Sailors : 2.
0:25 of 2nd period - Joe Veleno wins face-off versus Vasily Podkolzin in neutral zone.
0:40 of 2nd period - Wrist shot by Keegan Kolesar.
0:40 of 2nd period - Shot Misses the Net.
2:00 of 2nd period - Icing by Logan Hutsko.
2:01 of 2nd period - Dylan McLaughlin wins face-off versus Logan Hutsko in Providence Bruins zone.
2:22 of 2nd period - Wrist shot by Jack Studnicka.
2:22 of 2nd period - Stopped by Laurent Brossoit with a rebound.
2:28 of 2nd period - Joe Veleno is hit by Keegan Kolesar and loses puck.
2:41 of 2nd period - Snap shot by Aleksi Heponiemi.
2:41 of 2nd period - Stopped by Zachary Emond with a rebound.
2:45 of 2nd period - Backhand shot by Aleksi Heponiemi.
2:45 of 2nd period - Shot Misses the Net.
3:05 of 2nd period - Snap shot by Adam Erne.
3:05 of 2nd period - Stopped by Zachary Emond with a rebound.
3:07 of 2nd period - Slapshot by Michael Dal Colle.
3:07 of 2nd period - Shot Blocked by Nick Perbix.
3:09 of 2nd period - Snap shot by Michael Dal Colle.
3:09 of 2nd period - Sarnia Sailors goal is going for a video replay.
3:09 of 2nd period - The goal is good.
3:09 of 2nd period - Goal by Michael Dal Colle - Providence Bruins : 1 - Sarnia Sailors : 3.
3:10 of 2nd period - Vasily Podkolzin wins face-off versus Logan Hutsko in neutral zone.
3:16 of 2nd period - Minor Penalty to Cole Schwindt for Roughing.
3:17 of 2nd period - Joe Veleno wins face-off versus Dominic Toninato in Providence Bruins zone.
3:17 of 2nd period - Joe Veleno is hit by Alex Vlasic.
4:42 of 2nd period - Josh Dickinson is hit by Jack Studnicka and loses puck.
4:54 of 2nd period - Icing by Yannick Weber.
4:55 of 2nd period - Logan Hutsko wins face-off versus Dominic Toninato in Sarnia Sailors zone.
4:59 of 2nd period - Icing by Keegan Kolesar.
5:00 of 2nd period - Logan Hutsko wins face-off versus Dominic Toninato in Sarnia Sailors zone.
5:16 of 2nd period - Penalty to Cole Schwindt is over, Cole Schwindt is back on ice.
5:54 of 2nd period - Backhand shot by Adam Erne.
5:54 of 2nd period - Shot Blocked by Austin Wagner.
5:56 of 2nd period - Slapshot by Michael Dal Colle.
5:56 of 2nd period - Stopped by Zachary Emond without a rebound.
5:57 of 2nd period - Dominic Toninato wins face-off versus Joe Veleno in Providence Bruins zone.
6:00 of 2nd period - Snap shot by Vasily Podkolzin.
6:00 of 2nd period - Shot Blocked by Joe Veleno.
6:02 of 2nd period - Slapshot by Alex Vlasic.
6:02 of 2nd period - Stopped by Zachary Emond without a rebound.
6:03 of 2nd period - Joe Veleno wins face-off versus Vasily Podkolzin in Providence Bruins zone.
6:31 of 2nd period - Wrist shot by Dominic Toninato.
6:31 of 2nd period - Shot Blocked by Joe Veleno.
6:47 of 2nd period - Snap shot by Keegan Kolesar.
6:47 of 2nd period - Stopped by Zachary Emond with a rebound.
6:51 of 2nd period - Snap shot by Keegan Kolesar.
6:51 of 2nd period - Stopped by Zachary Emond with a rebound.
6:55 of 2nd period - Wrist shot by Vasily Podkolzin.
6:55 of 2nd period - Goal by Vasily Podkolzin - Providence Bruins : 1 - Sarnia Sailors : 4.
6:56 of 2nd period - Logan Hutsko wins face-off versus Dylan McLaughlin in neutral zone.
7:21 of 2nd period - Nikolai Knyzhov is hit by Josh Dickinson and loses puck.
7:36 of 2nd period - Snap shot by Michal Teply.
7:36 of 2nd period - Shot Misses the Net.
7:40 of 2nd period - Wrist shot by Cole Schwindt.
7:40 of 2nd period - Shot Misses the Net.
7:42 of 2nd period - Backhand shot by Nick Perbix.
7:42 of 2nd period - Shot Misses the Net.
7:44 of 2nd period - Slapshot by Nick Perbix.
7:44 of 2nd period - Shot Blocked by Yannick Weber.
7:46 of 2nd period - Wrist shot by Logan Hutsko.
7:46 of 2nd period - Stopped by Laurent Brossoit without a rebound.
7:47 of 2nd period - Dominic Toninato wins face-off versus Joe Veleno in Sarnia Sailors zone.
7:58 of 2nd period - Wrist shot by Vasily Podkolzin.
7:58 of 2nd period - Shot Misses the Net.
8:00 of 2nd period - Slapshot by Keegan Kolesar.
8:00 of 2nd period - Shot Blocked by Samuel Bolduc.
8:02 of 2nd period - Snap shot by Vasily Podkolzin.
8:02 of 2nd period - Stopped by Zachary Emond without a rebound.
8:03 of 2nd period - Michael Dal Colle wins face-off versus Jordy Bellerive in Providence Bruins zone.
8:35 of 2nd period - Vasily Podkolzin is hit by Jordan Spence and loses puck.
8:52 of 2nd period - Cole Schwindt is hit by Connor Carrick and loses puck.
9:17 of 2nd period - Nick Perbix is hit by Yannick Weber and loses puck.
9:30 of 2nd period - Wrist shot by Dylan McLaughlin.
9:30 of 2nd period - Shot Blocked by Jared McIsaac.
9:36 of 2nd period - Snap shot by Dylan McLaughlin.
9:36 of 2nd period - Stopped by Zachary Emond with a rebound.
9:38 of 2nd period - Slapshot by Seth Barton.
9:38 of 2nd period - Stopped by Zachary Emond without a rebound.
9:39 of 2nd period - Dominic Toninato wins face-off versus Logan Hutsko in Providence Bruins zone.
9:50 of 2nd period - Slapshot by Jordan Spence.
9:50 of 2nd period - Stopped by Laurent Brossoit with a rebound.
9:52 of 2nd period - Snap shot by Jordan Spence.
9:52 of 2nd period - Shot Misses the Net.
9:58 of 2nd period - Jordan Spence is hit by Keegan Kolesar and loses puck.
10:14 of 2nd period - Snap shot by Joe Veleno.
10:14 of 2nd period - Stopped by Laurent Brossoit without a rebound.
10:15 of 2nd period - Joe Veleno wins face-off versus Dylan McLaughlin in Sarnia Sailors zone.
10:23 of 2nd period - Minor Penalty to John-Jason Peterka for High sticking.
10:24 of 2nd period - Joe Veleno wins face-off versus Dominic Toninato in Providence Bruins zone.
10:24 of 2nd period - Joe Veleno is hit by Keegan Kolesar.
10:55 of 2nd period - Wrist shot by Dominic Toninato.
10:55 of 2nd period - Deflect By Keegan Kolesar.
10:55 of 2nd period - Shot Misses the Net.
10:55 of 2nd period - Puck is out of play.
10:56 of 2nd period - Joe Veleno wins face-off versus Dylan McLaughlin in Providence Bruins zone.
12:23 of 2nd period - Penalty to John-Jason Peterka is over, John-Jason Peterka is back on ice.
12:27 of 2nd period - Slapshot by Jordan Spence.
12:27 of 2nd period - Stopped by Laurent Brossoit without a rebound.
12:28 of 2nd period - Dominic Turgeon wins face-off versus Jordy Bellerive in Sarnia Sailors zone.
12:41 of 2nd period - Dominic Turgeon is hit by Austin Wagner and loses puck.
12:52 of 2nd period - Samuel Bolduc is hit by Dominic Toninato and loses puck.
13:09 of 2nd period - Slapshot by Adam Erne.
13:09 of 2nd period - Stopped by Zachary Emond with a rebound.
13:33 of 2nd period - Snap shot by Dominic Toninato.
13:33 of 2nd period - Shot Blocked by Austin Wagner.
13:42 of 2nd period - Icing by Michal Teply.
13:43 of 2nd period - Logan Hutsko wins face-off versus Dominic Turgeon in Providence Bruins zone.
14:07 of 2nd period - Nikolai Knyzhov is hit by Dominic Toninato and loses puck.
14:37 of 2nd period - Brandon Coe is hit by Seth Barton and loses puck.
15:14 of 2nd period - Wrist shot by Vasily Podkolzin.
15:14 of 2nd period - Shot Misses the Net.
15:20 of 2nd period - Slapshot by Keegan Kolesar.
15:20 of 2nd period - Shot Blocked by Joe Veleno.
15:30 of 2nd period - Wrist shot by Cole Schwindt.
15:30 of 2nd period - Stopped by Laurent Brossoit with a rebound.
15:46 of 2nd period - Minor Penalty to Helge Grans for High sticking.
15:47 of 2nd period - Joe Veleno wins face-off versus Dominic Toninato in Providence Bruins zone.
16:02 of 2nd period - Wrist shot by Keegan Kolesar.
16:02 of 2nd period - Deflect By Vasily Podkolzin.
16:02 of 2nd period - Stopped by Zachary Emond with a rebound.
16:18 of 2nd period - Snap shot by Dylan McLaughlin.
16:18 of 2nd period - Stopped by Zachary Emond with a rebound.
16:20 of 2nd period - Slapshot by Alex Vlasic.
16:20 of 2nd period - Stopped by Zachary Emond with a rebound.
16:22 of 2nd period - Wrist shot by Yannick Weber.
16:22 of 2nd period - Shot Misses the Net.
17:46 of 2nd period - Penalty to Helge Grans is over, Helge Grans is back on ice.
17:54 of 2nd period - Wrist shot by Austin Wagner.
17:54 of 2nd period - Stopped by Laurent Brossoit without a rebound.
17:55 of 2nd period - Dominic Turgeon wins face-off versus Jordy Bellerive in Sarnia Sailors zone.
18:01 of 2nd period - Off-side.
18:02 of 2nd period - Dominic Turgeon wins face-off versus Jack Studnicka in neutral zone.
18:17 of 2nd period - Snap shot by Connor Carrick.
18:17 of 2nd period - Stopped by Zachary Emond with a rebound.
Goals for this period are 1 for Providence Bruins vs 3 for Sarnia Sailors.
Shots for this period are 9 for Providence Bruins vs 17 for Sarnia Sailors.
3rd period
0:01 of 3rd period - Joe Veleno wins face-off versus Dominic Toninato in neutral zone.
0:10 of 3rd period - Wrist shot by Dominic Toninato.
0:10 of 3rd period - Stopped by Zachary Emond with a rebound.
0:12 of 3rd period - Slapshot by Alex Vlasic.
0:12 of 3rd period - Stopped by Zachary Emond without a rebound.
0:13 of 3rd period - Dominic Toninato wins face-off versus Joe Veleno in Providence Bruins zone.
0:14 of 3rd period - Snap shot by Keegan Kolesar.
0:14 of 3rd period - Shot Misses the Net.
0:16 of 3rd period - Wrist shot by Keegan Kolesar.
0:16 of 3rd period - Stopped by Zachary Emond with a rebound.
0:18 of 3rd period - Wrist shot by Keegan Kolesar.
0:18 of 3rd period - Shot Misses the Net.
0:20 of 3rd period - Slapshot by Vasily Podkolzin.
0:20 of 3rd period - Stopped by Zachary Emond without a rebound.
0:21 of 3rd period - Joe Veleno wins face-off versus Dominic Toninato in Providence Bruins zone.
1:28 of 3rd period - Austin Wagner is hit by Yannick Weber.
1:52 of 3rd period - Off-side.
1:53 of 3rd period - Jordy Bellerive wins face-off versus Dominic Toninato in neutral zone.
1:56 of 3rd period - Wrist shot by Austin Wagner.
1:56 of 3rd period - Stopped by Laurent Brossoit without a rebound.
1:57 of 3rd period - Dominic Toninato wins face-off versus Jordy Bellerive in Sarnia Sailors zone.
2:05 of 3rd period - Icing by Connor Carrick.
2:06 of 3rd period - Joe Veleno wins face-off versus Dominic Toninato in Sarnia Sailors zone.
2:15 of 3rd period - Wrist shot by Keegan Kolesar.
2:15 of 3rd period - Stopped by Zachary Emond with a rebound.
2:17 of 3rd period - Slapshot by Connor Carrick.
2:17 of 3rd period - Stopped by Zachary Emond without a rebound.
2:18 of 3rd period - Dominic Toninato wins face-off versus Joe Veleno in Providence Bruins zone.
2:40 of 3rd period - Keegan Kolesar is hit by Jordan Spence and loses puck.
2:52 of 3rd period - Wrist shot by John-Jason Peterka.
2:52 of 3rd period - Stopped by Laurent Brossoit without a rebound.
2:53 of 3rd period - Logan Hutsko wins face-off versus Dylan McLaughlin in Sarnia Sailors zone.
2:56 of 3rd period - Snap shot by Michal Teply.
2:56 of 3rd period - Stopped by Laurent Brossoit with a rebound.
3:43 of 3rd period - Wrist shot by Joe Veleno.
3:43 of 3rd period - Stopped by Laurent Brossoit with a rebound.
4:05 of 3rd period - Jack Rathbone is hit by Brandon Coe and loses puck.
4:31 of 3rd period - Slapshot by Connor Carrick.
4:31 of 3rd period - Shot Misses the Net.
4:33 of 3rd period - Slapshot by Aleksi Heponiemi.
4:33 of 3rd period - Shot Blocked by Austin Wagner.
4:47 of 3rd period - Slapshot by Keegan Kolesar.
4:47 of 3rd period - Stopped by Zachary Emond with a rebound.
4:49 of 3rd period - Backhand shot by Seth Barton.
4:49 of 3rd period - Stopped by Zachary Emond with a rebound.
4:59 of 3rd period - Adam Erne is hit by Michal Teply.
5:03 of 3rd period - Logan Hutsko is hit by Dylan McLaughlin and loses puck.
6:10 of 3rd period - Slapshot by Michael Dal Colle.
6:10 of 3rd period - Stopped by Zachary Emond with a rebound.
6:12 of 3rd period - Minor Penalty to Logan Hutsko for Holding Stick.
6:13 of 3rd period - John-Jason Peterka wins face-off versus Dominic Toninato in Providence Bruins zone.
6:40 of 3rd period - Dylan McLaughlin is hit by Nikolai Knyzhov and loses puck.
6:47 of 3rd period - Slapshot by Yannick Weber.
6:47 of 3rd period - Shot Blocked by Jack Studnicka.
6:49 of 3rd period - Wrist shot by Adam Erne.
6:49 of 3rd period - Shot Misses the Net.
7:40 of 3rd period - Vasily Podkolzin is hit by Michal Teply and loses puck.
8:12 of 3rd period - Penalty to Logan Hutsko is over, Logan Hutsko is back on ice.
8:28 of 3rd period - Brandon Coe is hit by Jack Rathbone and loses puck.
8:43 of 3rd period - Backhand shot by Michal Teply.
8:43 of 3rd period - Goal by Michal Teply - Providence Bruins : 2 - Sarnia Sailors : 4.
8:44 of 3rd period - Logan Hutsko wins face-off versus Dominic Toninato in neutral zone.
8:58 of 3rd period - Slapshot by Logan Hutsko.
8:58 of 3rd period - Stopped by Laurent Brossoit with a rebound.
9:00 of 3rd period - Slapshot by Logan Hutsko.
9:00 of 3rd period - Goal by Logan Hutsko - Providence Bruins : 3 - Sarnia Sailors : 4.
9:01 of 3rd period - Joe Veleno wins face-off versus Dominic Toninato in neutral zone.
9:28 of 3rd period - Alex Vlasic is hit by Michal Teply.
9:34 of 3rd period - Michal Teply is hit by Mitchell Vande Sompel and loses puck.
9:45 of 3rd period - Snap shot by Chris Wideman.
9:45 of 3rd period - Stopped by Zachary Emond without a rebound.
9:46 of 3rd period - Jordy Bellerive wins face-off versus Yannick Weber in Providence Bruins zone.
9:46 of 3rd period - Jordy Bellerive is hit by Chris Wideman.
9:55 of 3rd period - Minor Penalty to Austin Wagner for Hooking.
9:56 of 3rd period - Joe Veleno wins face-off versus Dominic Toninato in Providence Bruins zone.
10:03 of 3rd period - Slapshot by Jordan Spence.
10:03 of 3rd period - Shot Misses the Net.
10:11 of 3rd period - John-Jason Peterka is hit by Dominic Toninato and loses puck.
10:22 of 3rd period - Jack Studnicka is hit by Yannick Weber and loses puck.
11:55 of 3rd period - Penalty to Austin Wagner is over, Austin Wagner is back on ice.
12:10 of 3rd period - Snap shot by Aleksi Heponiemi.
12:10 of 3rd period - Stopped by Zachary Emond with a rebound.
12:12 of 3rd period - Snap shot by Dominic Turgeon.
12:12 of 3rd period - Shot Misses the Net.
12:14 of 3rd period - Backhand shot by Connor Carrick.
12:14 of 3rd period - Stopped by Zachary Emond with a rebound.
12:16 of 3rd period - Slapshot by Jack Rathbone.
12:16 of 3rd period - Deflect By Aleksi Heponiemi.
12:16 of 3rd period - Stopped by Zachary Emond with a rebound.
12:18 of 3rd period - Wrist shot by Connor Carrick.
12:18 of 3rd period - Deflect By Dominic Turgeon.
12:18 of 3rd period - Goal by Dominic Turgeon - Providence Bruins : 3 - Sarnia Sailors : 5.
12:19 of 3rd period - Dominic Turgeon wins face-off versus Logan Hutsko in neutral zone.
12:22 of 3rd period - Snap shot by Aleksi Heponiemi.
12:22 of 3rd period - Shot Blocked by Cole Schwindt.
12:24 of 3rd period - Snap shot by Dominic Turgeon.
12:24 of 3rd period - Stopped by Zachary Emond with a rebound.
12:26 of 3rd period - Snap shot by Connor Carrick.
12:26 of 3rd period - Shot Blocked by Cole Schwindt.
12:28 of 3rd period - Slapshot by Connor Carrick.
12:28 of 3rd period - Stopped by Zachary Emond with a rebound.
12:30 of 3rd period - Snap shot by Josh Dickinson.
12:30 of 3rd period - Shot Misses the Net.
13:01 of 3rd period - Alex Vlasic is hit by Samuel Bolduc and loses puck.
13:20 of 3rd period - Wrist shot by Cole Schwindt.
13:20 of 3rd period - Shot Misses the Net.
13:22 of 3rd period - Snap shot by Logan Hutsko.
13:22 of 3rd period - Stopped by Laurent Brossoit with a rebound.
13:24 of 3rd period - Slapshot by Logan Hutsko.
13:24 of 3rd period - Shot Misses the Net.
13:36 of 3rd period - Wrist shot by Jordy Bellerive.
13:36 of 3rd period - Shot Misses the Net.
13:38 of 3rd period - Wrist shot by Brandon Coe.
13:38 of 3rd period - Stopped by Laurent Brossoit without a rebound.
13:39 of 3rd period - Jordy Bellerive wins face-off versus Dominic Toninato in Sarnia Sailors zone.
13:54 of 3rd period - Snap shot by Keegan Kolesar.
13:54 of 3rd period - Deflect By Vasily Podkolzin.
13:54 of 3rd period - Stopped by Zachary Emond with a rebound.
14:13 of 3rd period - Slapshot by Jordan Spence.
14:13 of 3rd period - Shot Misses the Net.
14:15 of 3rd period - Snap shot by Jack Studnicka.
14:15 of 3rd period - Shot Misses the Net.
14:44 of 3rd period - Minor Penalty to Austin Wagner for Roughing.
14:45 of 3rd period - Dominic Toninato wins face-off versus Joe Veleno in Providence Bruins zone.
14:50 of 3rd period - Snap shot by Keegan Kolesar.
14:50 of 3rd period - Goal by Keegan Kolesar - Providence Bruins : 3 - Sarnia Sailors : 6.
14:51 of 3rd period - Keegan Kolesar wins face-off versus Joe Veleno in neutral zone.
15:00 of 3rd period - Snap shot by Vasily Podkolzin.
15:00 of 3rd period - Shot Blocked by Joe Veleno.
15:16 of 3rd period - Michael Dal Colle is hit by Jordan Spence and loses puck.
15:54 of 3rd period - Samuel Bolduc is hit by Yannick Weber and loses puck.
16:11 of 3rd period - Vasily Podkolzin is hit by Logan Hutsko and loses puck.
16:50 of 3rd period - Wrist shot by Dominic Toninato.
16:50 of 3rd period - Shot Misses the Net.
16:52 of 3rd period - Wrist shot by Keegan Kolesar.
16:52 of 3rd period - Goal by Keegan Kolesar - Providence Bruins : 3 - Sarnia Sailors : 7.
16:53 of 3rd period - Dominic Toninato wins face-off versus Joe Veleno in neutral zone.
16:58 of 3rd period - Keegan Kolesar is hit by Joe Veleno and loses puck.
17:13 of 3rd period - Keegan Kolesar beats up Jack Studnicka.
17:13 of 3rd period - Penalty to Keegan Kolesar for Fighting.
17:13 of 3rd period - Penalty to Jack Studnicka for Fighting.
17:14 of 3rd period - Dominic Toninato wins face-off versus Joe Veleno in Sarnia Sailors zone.
17:14 of 3rd period - Dominic Toninato is hit by Joe Veleno.
17:40 of 3rd period - Jack Rathbone is hit by Cole Schwindt.
17:58 of 3rd period - Minor Penalty to Adam Erne for Hooking.
17:59 of 3rd period - Dominic Toninato wins face-off versus Austin Wagner in Sarnia Sailors zone.
18:06 of 3rd period - Snap shot by Josh Dickinson.
18:06 of 3rd period - Stopped by Zachary Emond with a rebound.
18:12 of 3rd period - Snap shot by Dominic Toninato.
18:12 of 3rd period - Stopped by Zachary Emond without a rebound.
18:13 of 3rd period - Dominic Toninato wins face-off versus Joe Veleno in Providence Bruins zone.
18:29 of 3rd period - Wrist shot by Joe Veleno.
18:29 of 3rd period - Goal by Joe Veleno - Providence Bruins : 4 - Sarnia Sailors : 7.
18:30 of 3rd period - Joe Veleno wins face-off versus Dominic Toninato in neutral zone.
18:35 of 3rd period - Icing by Dominic Toninato.
18:36 of 3rd period - Joe Veleno wins face-off versus Dominic Toninato in Sarnia Sailors zone.
18:45 of 3rd period - Slapshot by Joe Veleno.
18:45 of 3rd period - Stopped by Laurent Brossoit with a rebound.
18:47 of 3rd period - Wrist shot by Jordan Spence.
18:47 of 3rd period - Deflect By John-Jason Peterka.
18:47 of 3rd period - Stopped by Laurent Brossoit without a rebound.
18:48 of 3rd period - Joe Veleno wins face-off versus Dominic Toninato in Sarnia Sailors zone.
18:49 of 3rd period - Wrist shot by John-Jason Peterka.
18:49 of 3rd period - Shot Blocked by Alex Vlasic.
18:55 of 3rd period - Snap shot by John-Jason Peterka.
18:55 of 3rd period - Shot Blocked by Jack Rathbone.
19:56 of 3rd period - Chris Wideman is hit by Jordan Spence.
Goals for this period are 3 for Providence Bruins vs 3 for Sarnia Sailors.
Shots for this period are 12 for Providence Bruins vs 21 for Sarnia Sailors.
Back to the Top